 Dungeon Crawl Stone Soup version 0.31-a0-198-g2ad674f65e (webtiles) character file.

Game seed: 3879833383449746000

69 qw the Shooter (level 4, -3/25 HPs)
             Began as a Deep Elf Hunter on June 25, 2023.
             Slain by Terence
             ... wielding a +0 mace
              (5 damage)
             ... on level 2 of the Dungeon.
             The game lasted 00:00:31 (1215 turns).

qw the Shooter (Deep Elf Hunter)                    Turns: 1215, Time: 00:00:31

Health: -3/25      AC:  6    Str: 10    XL:     4   Next: 2%
Magic:  6/6        EV: 12    Int: 14    God:
Gold:   80         SH:  0    Dex: 18    Spells: 3/3 levels left

rFire   . . .        Y - +0 shortbow
rCold   . . .        (shield currently unavailable)
rNeg    . . .        c - +0 leather armour
rPois   .            (no helmet)
rElec   .            (no cloak)
rCorr   .            h - +0 pair of gloves
SInv    .            (no boots)
Will    .....        (no amulet)
Stlth   ++           (no ring)
HPRegen 0.24/turn    (no ring)
MPRegen 0.10/turn

%: no passive effects
@: no status effects
A: iridescent scales 1
a: no special abilities


You were on level 2 of the Dungeon.
You visited 1 branch of the dungeon, and saw 2 of its levels.

You collected 80 gold pieces.


Innate Abilities, Weirdness & Mutations

You are partially covered in iridescent scales. (AC +2)


   Skills:
 - Level 1.5 Fighting
 + Level 7.4 Ranged Weapons
 - Level 2.4 Dodging
 - Level 1.2 Stealth


You had 3 spell levels left.
You didn't know any spells.
Your spell library was empty.

Inventory:

Hand Weapons
 Y - a +0 shortbow (weapon)
Armour
 c - a +0 leather armour (worn)
 h - a +0 pair of gloves (worn)
Jewellery
 a - an amulet of guardian spirit
Potions
 i - a potion of lignification {unknown}

Dungeon Overview and Level Annotations

Branches:
Dungeon (2/15)

Altars:

Shops:
D:2 [

Annotations:
D:2 1 runed translucent door, Crazy Yiuf, Terence


Message History

You shoot an arrow. The arrow hits Terence.
Terence shouts!
Terence is lightly wounded.
You shoot an arrow. The arrow closely misses Terence.
You shoot an arrow. The arrow barely misses the bat.
The bat barely misses you. The bat hits you but does no damage.
You shoot an arrow. The arrow hits Terence.
Terence is moderately wounded.
The bat hits you but does no damage. Terence closely misses you.
You shoot an arrow.
The arrow hits Terence but does no damage.
Terence is moderately wounded.
The bat barely misses you. x2; The bat hits you but does no damage.
Terence hits you with a +0 mace.
You shoot an arrow. The arrow hits Terence.
Terence is moderately wounded.
The bat hits you but does no damage. x2; Terence hits you but does no damage.
You shoot an arrow. The arrow barely misses Terence.
The bat hits you but does no damage. The bat closely misses you.
Terence barely misses you.
You shoot an arrow. The arrow closely misses Terence.
The bat completely misses you. The bat misses you. x2
Terence hits you with a +0 mace.
You shoot an arrow.
The arrow hits Terence but does no damage.
Terence is moderately wounded.
The bat barely misses you. The bat closely misses you.
Terence hits you with a +0 mace.
You shoot an arrow. The arrow closely misses Terence.
The bat hits you but does no damage. The bat barely misses you.
Terence says, "Don't bother to defend, it's pointless."
Terence hits you with a +0 mace.
You shoot an arrow. The arrow hits Terence.
Terence is heavily wounded.
The bat hits you. The bat closely misses you. Terence hits you with a +0 mace!
You shoot an arrow. The arrow hits Terence!
Terence is almost dead.
The bat hits you but does no damage. The bat completely misses you.
Terence hits you with a +0 mace.
You die...

#.#....#........##.# #..##...
#.###....#.........# #..#....
#..[#.#########..### #..#....
###.#.# #......####..#....
###..(## #............#....
#......######....#.#####.#....
#......+.................#....
#......######..........###....
#......# #@b.....##.###....
#......##...@.b#....##..%#.)..
#......##......#....####.%>...
#...<............#.## ####...
#......##......#.#... #...
#...........## #### #.......#
#. #.......# .#


You could see Terence and 2 bats.

Vanquished Creatures
  3 adders (D:2)
  A dart slug (D:1)
  4 endoplasms (D:1)
  A giant cockroach (D:1)
  2 goblins (D:1)
  3 hobgoblins
  4 jackals (D:2)
  4 kobolds
  2 quokkas (D:2)
  3 ball pythons
  4 bats
  4 frilled lizards
  2 rats
  A spectral hobgoblin (D:1)
38 creatures vanquished.

Notes
Turn   | Place    | Note
-------+----------+-------------------------------------------
     0 | D:1      | qw the Deep Elf Hunter began the quest for the Orb.
     0 | D:1      | Reached XP level 1. HP: 12/12 MP: 3/3
     0 | D:1      | 0 ||| qw: Version: 0.3-a-22-g0ed2b0b
     0 | D:1      | 0 ||| qw: Game counter: 4958
     0 | D:1      | 0 ||| qw: Melee chars always use a shield: true
     0 | D:1      | 0 ||| qw: God list: Okawaru
     0 | D:1      | 0 ||| qw: Allow faded altars: false
     0 | D:1      | 0 ||| qw: Do Orc after clearing Dungeon:15 true
     0 | D:1      | 0 ||| qw: Do second Lair branch before Depths: true
     0 | D:1      | 0 ||| qw: Lair rune preference: random
     0 | D:1      | 0 ||| qw: Goals: Normal
     0 | D:1      | 0 ||| PLANNING D:1-11
   104 | D:1      | Reached skill level 6 in Ranged Weapons
   104 | D:1      | Reached XP level 2. HP: 16/16 MP: 4/4
   261 | D:1      | Found a faded altar of an unknown god.
   565 | D:1      | 565 ||| UPGRADING to +0 pair of gloves.
   570 | D:1      | 570 ||| READING scroll labelled QEAH KESEXIJ.
   571 | D:1      | 571 ||| READING scroll labelled QUGROS FIMIRIACK.
   572 | D:1      | 572 ||| READING scroll labelled XOIPRO GOMAR.
   575 | D:1      | 575 ||| READING scroll labelled VEMNYU ZE JAFROMP.
   576 | D:1      | 576 ||| DRINKING 2 viscous black potions.
   576 | D:1      | Gained mutation: You occasionally lose the ability to drink
                  | potions when taking damage. [potion of mutation]
   576 | D:1      | Gained mutation: You are clumsy. (Dex -2) [potion of
                  | mutation]
   576 | D:1      | Gained mutation: You have a pair of small antennae on your
                  | head. [potion of mutation]
   577 | D:1      | 577 ||| DRINKING potion of mutation.
   577 | D:1      | Lost mutation: You are clumsy. (Dex -2) [potion of
                  | mutation]
   577 | D:1      | Lost mutation: You occasionally lose the ability to drink
                  | potions when taking damage. [potion of mutation]
   577 | D:1      | Lost mutation: You have a pair of small antennae on your
                  | head. [potion of mutation]
   577 | D:1      | Gained mutation: You do not regenerate when monsters are
                  | visible. [potion of mutation]
   577 | D:1      | Lost mutation: You do not regenerate when monsters are
                  | visible. [potion of mutation]
   577 | D:1      | Gained mutation: You occasionally lose the ability to read
                  | scrolls when taking damage. [potion of mutation]
   577 | D:1      | Gained mutation: You are resistant to electric shocks.
                  | (rElec) [potion of mutation]
   578 | D:1      | 578 ||| DROPPING scroll of butterflies.
   606 | D:2      | Reached XP level 3. HP: 20/20 MP: 5/5
   614 | D:2      | 614 ||| DRINKING potion of mutation.
   614 | D:2      | Lost mutation: You occasionally lose the ability to read
                  | scrolls when taking damage. [potion of mutation]
   614 | D:2      | Lost mutation: You are resistant to electric shocks.
                  | (rElec) [potion of mutation]
   614 | D:2      | Gained mutation: You are partially covered in iridescent
                  | scales. (AC +2) [potion of mutation]
   727 | D:2      | Found a runed translucent door.
   728 | D:2      | Noticed Crazy Yiuf
   904 | D:2      | Reached skill level 7 in Ranged Weapons
  1010 | D:2      | Found Reirafao's Antique Armour Boutique.
  1013 | D:2      | 1013 ||| SHOPLISTING runed scale mail (161 gold, have 74).
  1112 | D:2      | Reached XP level 4. HP: 25/25 MP: 6/6
  1203 | D:2      | Noticed Terence
  1214 | D:2      | HP: 2/25 [Terence/+0 mace (7)]
  1215 | D:2      | Slain by Terence

Levels and vault maps discovered:
D:1:      lightli_arrival_noodles, layout_basic,
          dreamdust_ecumenical_altar_drowned_temple,
          hangedman_abyss_or_decor_lesser_grid
D:2:      layout_basic, serial_shops, shop, uniq_terence,
          uniq_crazy_yiuf_cottage

Skill      XL: |  1  2  3 |
---------------+----------+-----
Ranged Weapons | 6 7 |  7.4
Fighting       | |  1.5
Dodging        | |  2.4
Stealth        | |  1.2

Action                     |  1- 3 |  4- 6 || total
---------------------------+-------+-------++-------
   Fire: Shortbow          |   101 |    15 ||   116
    Use: Scroll            |     4 |       ||     4
         Potion            |     3 |       ||     3
 Armour: Leather armour    |    17 |     9 ||    26
  Dodge: Dodged            |    32 |    15 ||    47

Table legend:
 A = Non-vault XP
 B = Vault XP
 C = Vault XP percentage of total XP
 D = Non-vault monster count
 E = Vault monster count
 F = Vault count percentage of total count
                 A         B        C        D         E       F
            +---------+---------+-------+---------+---------+-------
      Total |      98 |       1 |   1.0 |      37 |       1 |   2.6
            +---------+---------+-------+---------+---------+-------
        D:1 |      35 |       1 |   2.8 |      20 |       1 |   4.8
        D:2 |      63 |       0 |   0.0 |      17 |       0 |   0.0
            +---------+---------+-------+---------+---------+-------
